 Dungeon Crawl Stone Soup version 0.28-a0-1444-g6c55d0bc0c (webtiles) character file.

Game seed: 12505322973458975181

46 MacCMillion the Skirmisher (level 3, -3/33 HPs)
             Began as a Ghoul Monk on Jan 10, 2022.
             Slain by a hobgoblin (6 damage)
             ... led by Robin
             ... on level 2 of the Dungeon.
             The game lasted 00:03:05 (1032 turns).

MacCMillion the Skirmisher (Ghoul Monk)             Turns: 1032, Time: 00:03:06

Health: -3/33      AC:  2    Str: 16    XL:     3   Next: 66%
Magic:  2/2        EV: 12    Int:  5    God:
Gold:   46         SH:  0    Dex: 11    Spells: 2/2 levels left

rFire   . . .      SeeInvis .     - Unarmed
rCold   + . .      Faith    .   (no shield)
rNeg    + + +      Spirit   .   a - +0 robe
rPois   ∞          Reflect  .   (no helmet)
rElec   .          Harm     .   (no cloak)
rCorr   .          Rampage  .   (no gloves)
Will    .....                   (no boots)
Stlth   ++........              (no amulet)
HPRegen 0.00/turn               (no ring)
MPRegen 0.08/turn               (no ring)

@: inhibited regen
A: claws 1, cold resistance 1, negative energy resistance 3, inhibited
regeneration, torment resistance 2
a: no special abilities


You were on level 2 of the Dungeon.
You visited 1 branch of the dungeon, and saw 2 of its levels.

You collected 46 gold pieces.

Inventory:

Armour
 a - a +0 robe (worn)
Jewellery
 d - a ring of protection from cold
Scrolls
 e - a scroll of enchant weapon {unknown}
 g - a scroll of amnesia {unknown}
Potions
 b - 2 potions of berserk rage {unknown}
 c - a potion of curing {unknown}
 f - a potion of ambrosia {unknown}
 h - 2 potions of mutation {unknown}


   Skills:
 + Level 4.0 Fighting
 + Level 3.2 Dodging
 - Level 2.1 Stealth
 + Level 3.9 Unarmed Combat


You had 2 spell levels left.
You didn't know any spells.
Your spell library contained the following spells:

 Spells                   Type           Power      Damage    Failure   Level
 Tukima's Dance           Hex            0%         N/A       85%         3
 Anguish                  Hex/Necr       0%         N/A       99%         4
 Enfeeble                 Hex            0%         N/A       100%        7


Dungeon Overview and Level Annotations

Branches:
Dungeon (2/15)

Altars:

Annotations:
D:2 Robin


Innate Abilities, Weirdness & Mutations

You thrive by killing the living.
You are immune to poison.
You have sharp fingernails.
Your flesh is cold resistant. (rC+)
You are immune to negative energy. (rN+++)
You do not regenerate when monsters are visible.
You are immune to unholy pain and torment.


Message History

The kobold hits you with a +0 dagger. Robin throws the goblin at you!
The goblin shouts!
The hobgoblin shouts!
The goblin shouts! x2
You claw the kobold!
You kill the kobold!
A goblin comes into view. It is wielding a +0 dagger.
A hobgoblin comes into view.
The goblin hits you with a +0 dagger.
A frilled lizard comes into view.
A hobgoblin comes into view.
Your Fighting skill increases to level 4!
You closely miss the goblin.
A ball python comes into view.
The goblin closely misses you. The hobgoblin closely misses you.
A hobgoblin comes into view.
Unknown command.
The goblin hits you with a +0 dagger.
You scratch the goblin.
The goblin is moderately wounded.
The goblin misses you.
Robin roars a battlecry!
The goblins go into a battle-frenzy!
The hobgoblin hits you.
The hobgoblin shouts!
You hear an angry hiss. x2
The goblin hits you with a +0 dagger.
You scratch the goblin.
The goblin is heavily wounded.
The goblin hits you with a +0 dagger. x2
Unknown command.
Robin throws the goblin at you!
You scratch the goblin. You claw the goblin, but do no damage.
The goblin is severely wounded.
The goblin closely misses you. The goblin hits you with a +0 dagger.
* * * LOW HITPOINT WARNING * * *
Robin throws the goblin at you!
* * * LOW HITPOINT WARNING * * *
The goblin hits you with a +0 dagger.
* * * LOW HITPOINT WARNING * * *
You barely miss the goblin.
The goblin is heavily wounded.
The goblin barely misses you. The hobgoblin hits you.
You die...

#.# #.....# #.# #.....# .
#######.####)....## ..
#.................# # g..
#.................##.# ....
#.......†............. .....
###.......#######.##.#
....g.###gggg...##.........#
#..[..g.ggg@g...##.#####.#.#
#...[g...J####### #.#.#
#.........# #.#.#
#..#####..# #...# #. #..#
##..# # #..# #..# ...# ##.#
..## #.# ... #.#


You could see Robin, an endoplasm, 4 hobgoblins and 6 goblins.

Vanquished Creatures
  An adder (D:2)
  3 dart slugs (D:1)
  3 endoplasms
  3 giant cockroaches
  A goblin (D:1)
  A hobgoblin (D:1)
  A quokka (D:1)
  4 ball pythons (D:1)
  5 bats (D:1)
  4 frilled lizards
  2 kobolds
  4 rats
32 creatures vanquished.

Notes
Turn   | Place    | Note
-------+----------+-------------------------------------------
     0 | D:1      | MacCMillion the Ghoul Monk began the quest for the Orb.
     0 | D:1      | Reached XP level 1. HP: 19/19 MP: 0/0
   237 | D:1      | Reached XP level 2. HP: 25/26 MP: 1/1
   418 | D:1      | Found a faded altar of an unknown god.
   562 | D:1      | Reached XP level 3. HP: 33/33 MP: 2/2
  1021 | D:2      | Noticed Robin
  1024 | D:2      | Reached skill level 4 in Fighting
  1032 | D:2      | Slain by a hobgoblin

Illustrated notes

Levels and vault maps discovered:
D:1:      erik_arrival_triangle_small, layout_basic,
          shapermc_ecumenical_altar_mp_ritualfount
D:2:      layout_basic, uniq_natasha, uniq_robin

Skill      XL: |  1  2  3 |
---------------+----------+-----
Dodging        | 3 |  3.2
Fighting       | 4 |  4.0
Stealth        | |  2.1
Unarmed Combat | |  3.9

Action                   || total
-------------------------++-------
Melee: Unarmed           ||    75
       Punch             ||     1
 Stab: Sleeping          ||     3
Armor: Robe              ||    13
Dodge: Dodged            ||    39

Table legend: (Time is in decaauts)
 A = Elapsed time spent in this place.
 B = Non-inter-level travel time spent in this place.
 C = Inter-level travel time spent in this place.
 D = Time resting spent in this place.
 E = Time spent auto-exploring this place.
 F = Levels seen in this place.
 G = Mean time per level.
                   A        B        C        D        E       F      G
               +--------+--------+--------+--------+--------+-----+--------+
         Total |   1028 |   1017 |     11 |      9 |    810 |   2 |  514.0 |
       Dungeon |   1028 |   1017 |     11 |      9 |    810 |   2 |  514.0 |
               +--------+--------+--------+--------+--------+-----+--------+

Top non-repeatable levels by time:
     D:1: 906 daAuts
     D:2: 121 daAuts
